cohdb
Replays
Latest Replays
All Replays
Popular Replays
Top Player Replays
Match Explorer
How It Works
Community
CoH3 Stats
Reddit
Sign in to upload your games and track your stats! →
Sign in with Steam
Match 40839732
Unlisted
Match 40839732
Overview
Messages
Build Orders
End
Royal Engineer Section
Construct Section Command Post
Infantry Section
Infantry Section
Vickers Machine Gun Team
Selects Indian Artillery Battlegroup
Grenade Package
Construct Platoon Command Post
Selects Valour
Construct Company Command Post
Foot Guards Section
Construct Field Infirmary
Unlock Bishop Self-propelled Artillery
Light Vehicle Training
Selects Gurkha Rifles Section
Selects Artillery Saturation
Foot Guards Section
Infantry Training
Bishop Self-propelled Artillery
Unlock Towed 17-pounder Anti-tank Guns
Bishop Self-propelled Artillery
Selects Volunteer Infantry
Gurkha Rifles Section
AI Takeover
tompkins
!!!!!!!!!!!!
mrpeed
Nashorn101
0
0
Comments
sign in to comment!
No comments posted yet!